 Dungeon Sprint DCSS version 0.29-a0-284-gf9362112df (webtiles) character file.

Game seed: 8379169901226975905

615 mhtbhm the Spear-Bearer (level 7, 0/111 HPs)
             Began as a Minotaur Berserker on Mar 26, 2022.
             Was a Priest of Trog.
             Slain by a sun demon (9 damage)
             ... summoned by a kobold demonologist
             ... in the Dungeon (Sprint III: "The Ten Rune Challenge").
             The game lasted 00:00:53 (712 turns).

mhtbhm the Spear-Bearer (Minotaur Berserker)         Turns: 712, Time: 00:00:54

Health: 0/111      AC:  2    Str: 23    XL:     7   Next: 21%
Magic:  6/6        EV: 14    Int:  4    God:    Trog [***...]
Gold:   13         SH:  0    Dex: 12    Spells: 6/6 levels left

rFire   + . .      SeeInvis +   a - +0 spear
rCold   . . .      Faith    .   (no shield)
rNeg    . . .      Spirit   .   b - +0 robe
rPois   .          Reflect  .   (helmet restricted)
rElec   .          Harm     .   (no cloak)
rCorr   .          Rampage  .   (no gloves)
Will    +....      NoTele   +   (no boots)
Stlth   ..........              (no amulet)
HPRegen 0.28/turn               (no ring)
MPRegen 0.10/turn               (no ring)

@: berserking, spiked, very quick
A: horns 2, retaliatory headbutt, thin skeletal structure 1, see invisible, fire
resistance 1, strong-willed 1
a: Renounce Religion, Berserk, Trog's Hand


You were in the Dungeon.
You worshipped Trog.
Trog was most pleased with you.
You visited 1 branch You collected 13 gold pieces.

Inventory:

Hand Weapons
 a - a +0 spear (weapon)
Armour
 b - a +0 robe (worn)
Scrolls
 h - a scroll of blinking
 i - a scroll of amnesia {unknown}
 k - a scroll of holy word {unknown}
 l - 3 scrolls of identify
 n - a scroll of immolation {unknown}
Potions
 c - a potion of curing
 d - a potion of heal wounds
 e - a potion of haste
 f - 2 potions of magic
 g - a potion of berserk rage
 j - a potion of ambrosia {unknown}
 m - 2 potions of flight {unknown}
 o - 5 potions of mutation


   Skills:
 + Level 11.6 Fighting
 + Level 12.1 Polearms
 + Level 6.6 Armour
 + Level 6.7 Dodging
 + Level 1.3 Stealth


You had 6 spell levels left.
You didn't know any spells.
Your spell library was empty.

Dungeon Overview and Level Annotations

Branches:
Dungeon (1/1)

Altars:
Elyvilon
Kikubaaqudgha
Sif Muna
Vehumet
Zin
The Shining One


Innate Abilities, Weirdness & Mutations

You have a pair of horns on your head.
You reflexively headbutt those who attack you in melee.
You have a somewhat thin skeletal structure. (Dex +2, Stealth+)
You have supernaturally acute eyesight. (SInv)
Your flesh is heat resistant. (rF+)
You are strong-willed. (Will+)


Message History

You are too injured to fight recklessly!
Unknown command.
Okay, then.
Unknown command.
You feel much better.
The kobold demonologist looks braver for a moment.
The red devil hits you from afar with a +0 trident!
Barbed spikes become lodged in your body.
The sun demon closely misses you.
Unknown command.
A red film seems to cover your vision as you go berserk!
You feel yourself moving faster!
You feel mighty!
The red devil hits you from afar with a +0 trident!
Barbed spikes become lodged in your body.
The sun demon hits you but does no damage.
You puncture the sun demon! Your headbutt misses the sun demon.
The sun demon is lightly wounded.
You barely miss the sun demon. You headbutt the sun demon.
The sun demon is moderately wounded.
The sun demon closely misses you.
The red devil hits you from afar with a +0 trident!!
* * * LOW HITPOINT WARNING * * *
Barbed spikes become lodged in your body.
You miss the sun demon.
The sun demon is moderately wounded.
You puncture the sun demon!
The sun demon is heavily wounded.
The kobold demonologist gestures wildly while chanting.
You hit the sun demon.
The sun demon is heavily wounded.
The sun demon closely misses you. The red devil barely misses you.
You hit the sun demon but do no damage. Your headbutt misses the sun demon.
The sun demon is heavily wounded.
You puncture the sun demon!
You headbutt the sun demon, but do no damage.
The sun demon is severely wounded.
The sun demon hits you!!
* * * LOW HITPOINT WARNING * * *
You are engulfed in flames!
You resist.
You die...

#..'....♣ ♣.##### #..#....♣
♣.#___# ####....♣♣ ♣.#.).#
...#....≈♣♣♣ ♣.###'#+###+##
..)#...≈≈..♣♣♣.#..........#
...#†.≈≈≈≈♣♣♣..'.⌠........#
##[#..≈≈≈≈≈≈...#...######+#
...#.≈≈≈≈≈≈....#.).#
...#.≈≈≈≈≈.....#@5.#
...#.≈≈≈.......#3###
####...........#K4
...............#5__
▓▓▓▓▓▓▓▓▓▓▓▓▓▓▓▓▓▓▓▓


You could see a sun demon (summoned), a kobold demonologist, a red devil
(summoned), an iron imp (summoned) and a white imp (summoned).

Vanquished Creatures
  A deep elf pyromancer (D)
  A water elemental (D)
  A scorpion (D)
  Jessica (D)
  A wizard (D)
  A human (D)
  An endoplasm (D)
  2 rats (D)
9 creatures vanquished.

Notes
Turn   | Place    | Note
-------+----------+-------------------------------------------
     0 | D        | mhtbhm the Minotaur Berserker began the quest for the Orb.
     0 | D        | Reached XP level 1. HP: 19/19 MP: 0/0
     6 | D        | Reached skill level 4 in Polearms
    14 | D        | Noticed Jessica
    15 | D        | Reached ** piety under Trog
    23 | D        | Killed Jessica
    24 | D        | Reached skill level 5 in Fighting
    24 | D        | Reached skill level 5 in Polearms
    24 | D        | Reached XP level 2. HP: 21/30 MP: 1/1
    24 | D        | Reached XP level 3. HP: 25/37 MP: 2/2
   187 | D        | Noticed a scorpion
   194 | D        | Killed a scorpion
   195 | D        | Reached skill level 7 in Polearms
   195 | D        | Reached XP level 4. HP: 47/47 MP: 3/3
   297 | D        | Gained mutation: Your flesh is heat resistant. (rF+)
                  | [potion of mutation]
   297 | D        | Gained mutation: You have a somewhat thin skeletal
                  | structure. (Dex +2, Stealth+) [potion of mutation]
   297 | D        | Gained mutation: You are strong-willed. (Will+) [potion of
                  | mutation]
   297 | D        | Gained mutation: You have supernaturally acute eyesight.
                  | (SInv) [potion of mutation]
   403 | D        | Noticed a water elemental
   407 | D        | Killed a water elemental
   408 | D        | Reached skill level 8 in Polearms
   408 | D        | Reached XP level 5. HP: 56/56 MP: 4/4
   463 | D        | Found a glowing silver altar of Zin.
   463 | D        | Found a glowing golden altar of the Shining One.
   463 | D        | Found a white marble altar of Elyvilon.
   464 | D        | Noticed a deep elf pyromancer
   466 | D        | Noticed a fire elemental
   477 | D        | Killed a deep elf pyromancer
   477 | D        | Reached *** piety under Trog
   478 | D        | Reached skill level 12 in Polearms
   478 | D        | Reached skill level 1 in Stealth
   478 | D        | Reached XP level 6. HP: 34/68 MP: 5/5
   478 | D        | Reached XP level 7. HP: 37/74 MP: 6/6
   694 | D        | Found a radiant altar of Vehumet.
   694 | D        | Found a shimmering blue altar of Sif Muna.
   694 | D        | Found an ancient bone altar of Kikubaaqudgha.
   697 | D        | Noticed a red devil
   699 | D        | Noticed a sun demon
   712 | D        | Slain by a sun demon

Illustrated notes

Levels and vault maps discovered:
D:        dungeon_sprint_mu [sprint_mu_entry_forest, sprint_mu_temple_rooms,
          sprint_mu_d1_horrors, sprint_mu_d2_genie, sprint_mu_d3_branching,
          sprint_mu_orc_legion, sprint_mu_elf_gauntlet, sprint_mu_hive_nellie,
          sprint_mu_lair_fedhas, sprint_mu_vaults_butterflies,
          sprint_mu_slime_circle, sprint_mu_swamp_cave, sprint_mu_shoals_kraken,
          sprint_mu_blade_basic, sprint_mu_crypt_fortress,
          sprint_mu_tomb_spiral, sprint_mu_vestibule_basic,
          sprint_mu_gehenna_hellfire, sprint_mu_dis_giant,
          sprint_mu_tartarus_statrot, sprint_mu_cocytus_islands, sprint_mu_zot1]

Skill      XL: |  1  2  3  4  5 |
---------------+----------------+-----
Fighting       | 5 7 8 11 | 11.6
Polearms       | 5 7 8 12 | 12.1
Armour         | 3 4 6 |  6.6
Dodging        | 3 4 6 |  6.7
Stealth        | 1 |  1.3

Action                   |  1- 3 |  4- 6 |  7- 9 || total
-------------------------+-------+-------+-------++-------
Melee: Spear             |    16 |    35 |    16 ||    67
       Headbutt          |     3 |     1 |     2 ||     6
Invok: Berserk           |     2 |     2 |     1 ||     5
  Use: Potion            |       |     1 |     1 ||     2
Armor: Animal skin       |     1 |       |       ||     1
       Robe              |       |     4 |     1 ||     5
Dodge: Dodged            |     3 |     8 |     5 ||    16

Table legend: (Time is in decaauts)
 A = Elapsed time spent in this place.
 B = Non-inter-level travel time spent in this place.
 C = Inter-level travel time spent in this place.
 D = Time resting spent in this place.
 E = Time spent auto-exploring this place.
 F = Levels seen in this place.
 G = Mean time per level.
                   A        B        C        D        E       F      G
               +--------+--------+--------+--------+--------+-----+--------+
         Total |    748 |    748 |      0 |    555 |     13 |   1 |  748.0 |
       Dungeon |    748 |    748 |      0 |    555 |     13 |   1 |  748.0 |
               +--------+--------+--------+--------+--------+-----+--------+

Top non-repeatable levels by time:
       D: 748 daAuts
